AoeStats
← rateezy

MegaRandom

509296260Analyzed
4v4 RM · 5d ago on Sep 26, 2026· 46m 5s· 8 players
Game mode
Random Map
Map size
Large (8 player)
Population
200
Speed
Normal
Resources
Standard
Victory
Conquest
Starting age
Dark Age
Ending age
Imperial Age
RankedLock teamsTeams togetherTeam positionsShared explorationLock speedFull tech treeHidden civsTurbo modeCheats
Victory
Defeat
🇯🇵 Mongols · Japan
1346
+13
🇦🇷 Varangians · Argentina
1338
+13
🇮🇳 Bulgarians · India
1319
+14
🇨🇳 Persians · China
1312
+14
🇺🇸 Gurjaras · United States
1357
-18
🇨🇳 Jurchens · China
1253
-13
🇬🇧 Ethiopians · United Kingdom
1242
-12
🇹🇼 Wei · Taiwan
1223
-11
AER发到手软
3:12 Loom
9:37 Feudal Age
10:45 Double-Bit Axe
18:47 Castle Age
18:01 Bloodlines
20:25 Forging
21:05 Bow Saw
22:13 Iron Casting
21:58 Horse Collar
21:48 Light Cavalry
24:31 Wheelbarrow
25:25 Fishing Lines
26:07 Heavy Plow
26:16 Scale Barding Armor
27:59 Hand Cart
28:05 Gold Mining
28:05 Stone Mining
29:27 Town Watch
30:40 Town Patrol
33:52 Imperial Age
31:54 Husbandry
33:04 Stone Shaft Mining
33:04 Gold Shaft Mining
34:12 Heavy Camel Rider
37:58 Blast Furnace
38:47 Two-Man Saw
38:59 Conscription
39:41 Citadels
39:01 Sappers
40:07 Hoardings
40:27 Crop Rotation
41:07 Scale Mail Armor
41:34 Chain Barding Armor
43:54 Chemistry
42:51 Murder Holes
42:46 Hussar
46:01 Plate Barding Armor
45:26 Scale Mail Armor
45:27 Padded Archer Armor
45:17 Fletching
45:56 Ballistics
45:27 Heated Shot
45:47 Masonry
46:03 Gillnets
46:23 Medium Warships
45:34 Demolition Ship
46:00 Elite War Elephant
46:40 Kamandaran
SRZ_07
0:32 Loom
8:51 Feudal Age
13:23 Bloodlines
19:00 Double-Bit Axe
19:31 Fishing Lines
29:25 Castle Age
27:55 Scale Barding Armor
28:00 Forging
27:58 Fletching
30:11 Husbandry
36:26 Medium Warships
37:12 Gold Mining
39:09 Gillnets
40:27 Wheelbarrow
40:09 Squires
39:55 Gambesons
40:13 Scale Mail Armor
40:52 Arson
41:43 Chain Mail Armor
42:43 Iron Casting
rateezy
4:37 Loom
7:50 Feudal Age
8:34 Double-Bit Axe
9:06 Town Watch
10:37 Horse Collar
15:01 Wheelbarrow
17:52 Castle Age
16:25 Gold Mining
19:35 Bow Saw
23:06 Hand Cart
24:37 Heavy Plow
26:11 Gold Shaft Mining
25:28 Stone Mining
29:33 Imperial Age
28:20 Scale Barding Armor
28:25 Forging
28:31 Bloodlines
28:21 Husbandry
30:01 Chain Barding Armor
30:16 Iron Casting
29:38 Cavalier
31:34 Plate Barding Armor
31:59 Blast Furnace
31:11 Stirrups
31:44 Conscription
32:37 Fletching
33:50 Chemistry
33:02 Masonry
34:56 Devotion
34:53 Bodkin Arrow
35:05 Siege Engineers
41:38 Crop Rotation
41:46 Stone Shaft Mining
41:12 Town Patrol
41:14 Bracer
41:47 Architecture
41:37 Ballistics
41:21 Murder Holes
42:42 Coinage
grifon_5th
0:38 Loom
8:09 Feudal Age
13:01 Castle Age
12:02 Double-Bit Axe
12:09 Fletching
25:35 Fishing Lines
25:57 Crossbowman
27:17 Bodkin Arrow
28:42 Padded Archer Armor
30:49 Thumb Ring
31:45 Wheelbarrow
34:17 Hand Cart
40:52 Gillnets
48:07 Imperial Age
只會5TC
0:31 Loom
9:03 Feudal Age
10:27 Double-Bit Axe
11:56 Horse Collar
15:20 Forging
15:16 Scale Barding Armor
16:10 Bloodlines
21:39 Gold Mining
24:48 Castle Age
25:58 Wheelbarrow
24:53 Light Cavalry
25:35 Husbandry
26:16 Gold Shaft Mining
25:53 Bow Saw
26:15 Chain Barding Armor
26:30 Iron Casting
34:58 Heavy Plow
38:11 Hand Cart
41:40 Imperial Age
40:55 Caravan
41:56 Stone Mining
41:43 Heavy Hei Guang Cavalry
43:37 Blast Furnace
43:40 Hussar
DizzyLeChuck
6:10 Loom
7:55 Feudal Age
8:32 Double-Bit Axe
10:34 Loom
11:18 Fletching
15:06 Padded Archer Armor
16:57 Horse Collar
20:07 Wheelbarrow
23:52 Castle Age
23:26 Gold Mining
24:15 Crossbowman
24:52 Bodkin Arrow
25:15 Leather Archer Armor
26:08 Ballistics
30:23 Imperial Age
29:15 Gold Shaft Mining
28:43 Heavy Plow
29:12 Bow Saw
30:25 Arbalester
31:07 Bracer
32:44 Chemistry
33:39 Ring Archer Armor
34:13 Thumb Ring
36:21 Hand Cart
38:32 Two-Man Saw
37:30 Town Watch
40:32 Scale Mail Armor
39:55 Halberdier
40:35 Squires
41:55 Chain Mail Armor
43:32 Plate Mail Armor
Hakka
0:37 Loom
9:18 Feudal Age
14:37 Scale Mail Armor
15:07 Padded Archer Armor
15:26 Fletching
16:25 Forging
17:29 Horse Collar
21:12 Scale Mail Armor
25:51 Double-Bit Axe
29:22 Castle Age
29:32 Gold Mining
29:30 Pikeman
30:28 Leather Archer Armor
30:03 Town Watch
30:32 Bow Saw
30:00 Crossbowman
bulbmusic5
7:47 Loom
10:09 Feudal Age
10:49 Double-Bit Axe
10:47 Horse Collar
14:19 Gold Mining
15:09 Scale Barding Armor
21:29 Castle Age
20:13 Forging
22:56 Chain Barding Armor
22:58 Bow Saw
23:34 Bloodlines
24:53 Iron Casting
24:16 Fishing Lines
25:48 Gold Shaft Mining
25:23 Husbandry
26:19 Gillnets
27:11 Wheelbarrow
26:39 Stone Mining
29:38 Stone Shaft Mining
31:05 Hand Cart
31:25 Ballistics
32:58 Medium Warships
35:22 Imperial Age
32:38 Town Watch
32:46 Fletching
32:56 Padded Archer Armor
33:08 Masonry
35:19 Bodkin Arrow
35:39 Leather Archer Armor
35:25 Heavy Camel Rider
Connection lost

Rejoining the realm…

Still unreachable

The connection could not be restored.

Session expired

The server has moved on; the page needs a fresh start.